 Dungeon Crawl Stone Soup version 0.29.0-4-gdea44cf6ec (webtiles) character file.

Game seed: 10575029085018049982

918 qw the Chopper (level 8, 0/49 HPs)
             Began as a Gargoyle Fighter on Sept 6, 2022.
             Slain by an orc wizard
             ... wielding a +0 quarterstaff
              (2 damage)
             ... on level 4 of the Dungeon.
             The game lasted 00:01:51 (3872 turns).

qw the Chopper (Gargoyle Fighter)                   Turns: 3872, Time: 00:01:52

Health: 0/49       AC: 15    Str: 22    XL:     8   Next: 9%
Magic:  8/8        EV:  7    Int:  9    God:
Gold:   188        SH:  4    Dex:  9    Spells: 7/7 levels left

rFire   + + .      SeeInvis .   Y - +1 war axe (vorpal)
rCold   . . .      Faith    .   c - +0 buckler
rNeg    + . .      Spirit   .   j - +0 chain mail
rPois   inf        Reflect  .   (no helmet)
rElec   +          Harm     .   e - +0 cloak
rCorr   .          Rampage  .   (no gloves)
Will    .....                   (no boots)
Stlth   ..........              (no amulet)
HPRegen 0.16/turn               h - ring of protection from fire
MPRegen 0.11/turn               n - ring of protection from fire

@: no status effects
A: sickness immunity, AC +5, negative energy resistance 1, electricity
resistance, torment resistance 1, petrification resistance
a: no special abilities


You were on level 4 of the Dungeon.
You visited 2 branches of the dungeon, and saw 7 of its levels.

You collected 188 gold pieces.


Innate Abilities, Weirdness & Mutations

You are immune to sickness and miasma.
Your stone body is resilient. (AC +5)
You are immune to poison.
You resist negative energy. (rN+)
You are resistant to electric shocks. (rElec)
You are resistant to unholy torment.
You are immune to petrification.


   Skills:
 - Level 5.0 Fighting
 + Level 7.6 Axes
 - Level 3.2 Armour
 - Level 1.2 Dodging
 - Level 3.2 Shields


You had 7 spell levels left.
You didn't know any spells.
Your spell library was empty.

Inventory:

Hand Weapons
 f - a +0 flail
 Y - a +1 vorpal war axe (weapon)
Armour
 c - a +0 buckler (worn)
 e - a +0 cloak (worn)
 j - a +0 chain mail (worn)
Jewellery
 h - a ring of protection from fire (left hand)
 n - a ring of protection from fire (right hand)
Scrolls
 a - 6 scrolls of identify
Potions
 b - a potion of attraction {unknown}
 d - a potion of might
 g - a potion of lignification
 i - 2 potions of curing
 o - a potion of cancellation

Dungeon Overview and Level Annotations

Branches:
Dungeon (6/15)             Temple (1/1) D:5

Altars:
Dithmenos
Elyvilon
Fedhas
Gozag
Hepliaklqana
Kikubaaqudgha
Makhleb
Nemelex Xobeh
Qazlal
Ru
Sif Muna
Xom
Yredelemnul
Zin
The Shining One

Portals:
Abyss: D:3

Annotations:
D:3 2 transporters, qw's ghost, amateur MiFi


Message History

Something hits you but does no damage.
You miss something. Something hits you but does no damage.
You hear some strange, mumbled words.
A magic dart appears from out of thin air!
The magic dart hits you but does no damage.
You miss something.
You hear some strange, mumbled words.
Something tries to affect you, but you resist.
You miss something.
You hear some strange, mumbled words.
A puff of flame appears from out of thin air!
The puff of flame hits you but does no damage.
You closely miss something. Something hits you.
You barely miss something. Something hits you but does no damage.
You barely miss something. Something hits you but does no damage.
You miss something.
You hear some strange, mumbled words.
Something tries to affect you, but you resist.
You hear some strange, mumbled words.
A magic dart appears from out of thin air!
The magic dart hits you!
You barely miss something. Something hits you but does no damage.
You closely miss something.
You hear some strange, mumbled words.
A magic dart appears from out of thin air!
The magic dart hits you but does no damage.
You closely miss something. You block something's attack.
You barely miss something. Something hits you but does no damage.
You completely miss something.
You hear some strange, mumbled words.
A puff of flame appears from out of thin air!
The puff of flame hits you. You resist. Something hits you.
You die...

#.....#
#########.....#
########.............#
....................+
...####.#######.....#
###.#.##(# #.#.....#
#...#.##.# #.###'###
#.){...# #.###....
.......#@####
#........ ..o....#.#
#.####### ..o#####.#
#........ .. #.#
#####...# . #.# #...#
... #...# ... #####
... # #


There were no monsters in sight!

Vanquished Creatures
  Duvessa (D:5)
  A black bear (D:5)
  An ice beast (D:5)
  An ogre (D:4)
  A scorpion (D:5)
  Dowan (D:5)
  4 hounds
  4 iguanas
  4 orc wizards
  3 adders
  A white imp (D:5)
  An ufetubus (D:4)
  2 worms
  3 dart slugs
  4 orcs
  4 ball pythons
  5 endoplasms
  4 giant cockroaches
  6 goblins
  4 hobgoblins
  3 jackals (D:2)
  2 quokkas (D:2)
  10 bats
  3 frilled lizards
  6 kobolds
  8 rats
87 creatures vanquished.

Notes
Turn   | Place    | Note
-------+----------+-------------------------------------------
     0 | D:1      | qw the Gargoyle Fighter began the quest for the Orb.
     0 | D:1      | Reached XP level 1. HP: 14/14 MP: 1/1
     0 | D:1      | 0 ||| qw: Version: 0.1-a-108-g9e35731
     0 | D:1      | 0 ||| qw: Game counter: 6186
     0 | D:1      | 0 ||| qw: Always use a shield: true
     0 | D:1      | 0 ||| qw: God list: Okawaru
     0 | D:1      | 0 ||| qw: Allow faded altars: false
     0 | D:1      | 0 ||| qw: Do Orc after D:15 true
     0 | D:1      | 0 ||| qw: Do second Lair branch before Depths: true
     0 | D:1      | 0 ||| qw: Lair rune preference: random
     0 | D:1      | 0 ||| qw: Plans: Normal, Zot, God:TSO, Crypt, Tomb, Zig,
                  | Orb
     0 | D:1      | 0 ||| PLANNING D:1-11
    59 | D:1      | Reached skill level 2 in Axes
    61 | D:1      | Reached XP level 2. HP: 19/19 MP: 2/2
   379 | D:1      | Reached skill level 3 in Axes
   429 | D:1      | Reached XP level 3. HP: 23/23 MP: 3/3
   524 | D:1      | 524 ||| UPGRADING to +0 cloak.
   529 | D:1      | 529 ||| UPGRADING to ring of protection from fire.
   530 | D:1      | 530 ||| READING 2 scrolls labelled DOREINKERY.
   531 | D:1      | 531 ||| READING scroll labelled WEUQETSOYC.
   836 | D:2      | 836 ||| Stepping ~*~*~tactically~*~*~ (stealth).
   992 | D:2      | Found an ancient bone altar of Kikubaaqudgha.
  1005 | D:2      | Reached XP level 4. HP: 28/28 MP: 4/4
  1132 | D:2      | Found a faded altar of an unknown god.
  1270 | D:2      | Reached skill level 4 in Axes
  1365 | D:2      | 1365 ||| UPGRADING to ring of protection from fire.
  1366 | D:2      | 1366 ||| READING scroll labelled FAEGIAXKECW.
  1422 | D:2      | 1422 ||| READING scroll labelled BAKUT JAYLEU.
  1423 | D:2      | 1423 ||| READING scroll labelled DONEWAGOCW.
  1424 | D:2      | 1424 ||| DRINKING 2 fuming green potions.
  1446 | D:2      | 1446 ||| DRINKING 2 fizzy cyan potions.
  1551 | D:2      | 1551 ||| READING 6 scrolls of identify.
  1551 | D:2      | 1551 ||| IDENTIFYING red potion
  1552 | D:2      | 1552 ||| READING 5 scrolls of identify.
  1552 | D:2      | 1552 ||| IDENTIFYING lumpy purple potion
  1553 | D:2      | 1553 ||| READING 4 scrolls of identify.
  1553 | D:2      | 1553 ||| IDENTIFYING coppery potion
  1554 | D:2      | 1554 ||| DROPPING potion of berserk rage.
  1555 | D:2      | 1555 ||| DROPPING potion of brilliance.
  1594 | D:3      | Found a one-way gate to the infinite horrors of the Abyss.
  1594 | D:3      | Noticed qw's ghost (amateur MiFi)
  1621 | D:3      | Found a transporter.
  1639 | D:3      | Found a transporter.
  1731 | D:3      | 1731 ||| Stepping ~*~*~tactically~*~*~ (stealth).
  1962 | D:3      | You fall into a shaft and drop 3 floors!
  1975 | D:6      | 1975 ||| READING scroll labelled HUONICW ZECYPS.
  1976 | D:6      | 1976 ||| READING scroll labelled CAPLINGUTOS.
  1985 | D:5      | Entered Level 5 of the Dungeon
  1988 | D:5      | Reached XP level 5. HP: 32/32 MP: 5/5
  1994 | D:5      | Found a staircase to the Ecumenical Temple.
  1995 | D:5      | 1995 ||| PLANNING TEMPLE
  2007 | D:5      | Reached skill level 5 in Axes
  2053 | Temple   | Entered the Ecumenical Temple
  2054 | Temple   | 2054 ||| PLANNING D:1-11
  2081 | D:5      | Noticed an ice beast
  2098 | D:5      | Killed an ice beast
  2099 | D:5      | Reached XP level 6. HP: 39/39 MP: 6/6
  2237 | D:5      | 2237 ||| Stepping ~*~*~tactically~*~*~ (stealth).
  2238 | D:5      | 2238 ||| Stepping ~*~*~tactically~*~*~ (stealth).
  2239 | D:5      | 2239 ||| Stepping ~*~*~tactically~*~*~ (stealth).
  2250 | D:5      | Reached skill level 1 in Dodging
  2320 | D:5      | Found a glowing golden altar of the Shining One.
  2322 | D:5      | Found an opulent altar of Gozag.
  2322 | D:5      | Found a hazy altar of Hepliaklqana.
  2322 | D:5      | Found a glowing silver altar of Zin.
  2323 | D:5      | Found a white marble altar of Elyvilon.
  2324 | D:5      | Found a shimmering altar of Xom.
  2547 | D:5      | 2547 ||| Stepping ~*~*~tactically~*~*~ (hiding).
  2664 | D:5      | Noticed a black bear
  2666 | D:5      | 2666 ||| Stepping ~*~*~tactically~*~*~ (stealth).
  2675 | D:5      | Killed a black bear
  2676 | D:5      | Reached skill level 6 in Axes
  2676 | D:5      | Reached XP level 7. HP: 18/44 MP: 7/7
  2907 | D:5      | 2907 ||| UPGRADING to +0 chain mail.
  2917 | D:5      | 2917 ||| DROPPING +0 scale mail.
  2918 | D:5      | 2918 ||| READING scroll labelled IBAKIJ OCWOA.
  2919 | D:5      | 2919 ||| READING scroll labelled ERISICAMOR.
  2920 | D:5      | Noticed Duvessa
  2937 | D:5      | Killed Duvessa
  2938 | D:5      | Noticed Dowan
  2939 | D:5      | 2939 ||| Stepping ~*~*~tactically~*~*~ (stealth).
  3002 | D:5      | 3002 ||| Stepping ~*~*~tactically~*~*~ (stealth).
  3067 | D:5      | 3067 ||| FLEEEEING.
  3079 | D:5      | Killed Dowan
  3080 | D:5      | Reached skill level 7 in Axes
  3555 | D:4      | 3555 ||| Stepping ~*~*~tactically~*~*~ (stealth).
  3689 | D:4      | Found a basalt altar of Yredelemnul.
  3698 | D:4      | Reached XP level 8. HP: 44/49 MP: 8/8
  3768 | D:4      | Found a stormy altar of Qazlal.
  3827 | D:4      | 3827 ||| Stepping ~*~*~tactically~*~*~ (stealth).
  3835 | D:4      | 3835 ||| Stepping ~*~*~tactically~*~*~ (hiding).
  3841 | D:4      | 3841 ||| Stepping ~*~*~tactically~*~*~ (hiding).
  3864 | D:4      | HP: 11/49 [something (5)]
  3867 | D:4      | HP: 3/49 [something/magic dart (8)]
  3872 | D:4      | HP: 2/49 [something/puff of flame (2)]
  3872 | D:4      | Slain by an orc wizard

Levels and vault maps discovered:
D:1:      dpeg_arrival_connections, layout_basic, minmay_pentomino_x4
D:2:      minmay_chambers_of_ones, layout_rooms, basic_altar,
          basic_ecumenical_altar, kennysheep_generic_room_8
D:3:      layout_loops_ring, gammafunk_ghost_abyssal_escape
D:4:      layout_basic, general_overflow_altar,
          mainiacjoe_overflow_catch_the_wave
D:5:      layout_basic, minitemple, minmay_temple_entry_arrows,
          nicolae_figureground_sparkle, uniq_duvessa
D:6:      layout_loops_ring, ebering_ghost_gozag, uniq_menkaure
Temple:   hellmonk_temple_micro_hex

Skill      XL: |  1  2  3  4  5  6  7 |
---------------+----------------------+-----
Axes           | 2 3 4 5 6 7 |  7.6
Fighting       | 4 5 |  5.0
Dodging        | 1 |  1.2
Armour         | |  3.2
Shields        | |  3.2

Action                   |  1- 3 |  4- 6 |  7- 9 || total
-------------------------+-------+-------+-------++-------
Melee: War axe           |    89 |   129 |    88 ||   306
  Use: Scroll            |     2 |     8 |     2 ||    12
       Potion            |       |     2 |       ||     2
Armor: Scale mail        |    57 |    85 |     5 ||   147
       Chain mail        |       |       |    43 ||    43
Dodge: Dodged            |    60 |    81 |    11 ||   152
Block: Buckler           |    19 |    22 |    10 ||    51

Table legend:
 A = Non-vault XP
 B = Vault XP
 C = Vault XP percentage of total XP
 D = Non-vault monster count
 E = Vault monster count
 F = Vault count percentage of total count
                 A         B        C        D         E       F
            +---------+---------+-------+---------+---------+-------
      Total |    1084 |     228 |  17.4 |      76 |      11 |  12.6
            +---------+---------+-------+---------+---------+-------
        D:1 |      31 |       5 |  13.9 |      19 |       3 |  13.6
        D:2 |      62 |       7 |  10.1 |      20 |       6 |  23.1
        D:3 |      16 |       0 |   0.0 |       7 |       0 |   0.0
        D:4 |     294 |       0 |   0.0 |      14 |       0 |   0.0
        D:5 |     638 |     216 |  25.3 |      15 |       2 |  11.8
        D:6 |      43 |       0 |   0.0 |       1 |       0 |   0.0
            +---------+---------+-------+---------+---------+-------
